 Seeded DCSS version 0.27.1 (webtiles) character file.

Game seed: 4742044734413909838 (custom seed)

2364 oldmanjim the Fighter (level 9, -7/139 HPs)
             Began as a Red Draconian Venom Mage on Aug 21, 2021.
             Was a Priest of Trog.
             Mangled by a five-headed hydra (13 damage)
             ... on level 6 of the Dungeon on Aug 22, 2021.
             The game lasted 00:49:33 (8393 turns).

oldmanjim the Fighter (Red Draconian Venom Mage)    Turns: 8393, Time: 00:49:34

Health: -7/139     AC: 13    Str: 20    XL:     9   Next: 21%
Magic:  12/12      EV: 13    Int: 15    God:    Trog [***...]
Gold:   1072       SH:  0    Dex: 12    Spells: 11/12 levels left

rFire    + + .     SeeInvis .   a - +3 dagger (venom)
rCold    x . .     Faith    .   (no shield)
rNeg     . . .     Spirit   .   (armour unavailable)
rPois    +         Reflect  .   (helmet restricted)
rElec    .         Harm     .   (no cloak)
rCorr    .         Rampage  .   (no gloves)
Will     ++...                  d - +1 pair of boots
Stlth    ..........             r - amulet of magic regeneration
HPRegen  1.33/turn              G - +4 ring of protection
MPRegen  0.38/turn              w - ring "Gozy" {Fly rPois rF+ rC- Str+6}

@: berserking, short of breath, strong-willed, flying, regenerating, studying
Fighting, very quick
A: breathe fire, AC +7, unfitting armour, fire resistance 1, cold-blooded
a: Breathe Fire, Renounce Religion, Berserk, Trog's Hand


You were on level 6 of the Dungeon.
You worshipped Trog.
Trog was most pleased with you.
You visited 1 branch of the dungeon, and saw 7 of its levels.

You collected 1072 gold pieces.

Inventory:

Hand Weapons
 a - a +3 dagger of venom (weapon)
 p - a +2 flail of venom
 C - a +2 hand axe of freezing
Missiles
 c - 128 bolts
 e - 36 sling bullets
 g - 19 poisoned darts (quivered)
 i - 45 stones
 j - 5 javelins
 l - 97 arrows
 t - 3 curare-tipped darts
Armour
 d - a +1 pair of boots (worn)
Jewellery
 f - a ring of ice
 r - an amulet of magic regeneration (around neck)
 w - the ring "Gozy" (right hand) {Fly rPois rF+ rC- Str+6}
   (You took it off an orc on level 7 of the Dungeon)

   [ring of poison resistance]

   Str:       It affects your strength (+6).
   rF:        It protects you from fire.
   rC:        It makes you vulnerable to cold.
   rPois:     It protects you from poison.
   Fly:       It grants you flight.
 G - a +4 ring of protection (left hand)
Wands
 m - a wand of iceblast (7)
 F - a wand of flame (16)
Scrolls
 o - a scroll of noise {unknown}
 s - 6 scrolls of immolation
 y - a scroll of teleportation {unknown}
 z - a scroll of enchant armour
 A - a scroll of enchant weapon
Potions
 b - a potion of cancellation {unknown}
 h - a potion of mutation {unknown}
 k - 2 potions of flight
 n - 2 potions of heal wounds {unknown}
 q - a potion of magic {unknown}
 u - a potion of degeneration {unknown}
 v - 2 potions of curing {unknown}
 D - 2 potions of attraction {unknown}
 E - 2 potions of brilliance {unknown}


   Skills:
 - Level 13.0 Fighting
 + Level 4.6 Axes
 - Level 5.0 Dodging
 - Level 4.0 Stealth
 - Level 2.0 Spellcasting
 - Level 1.0 Transmutations
 - Level 3.2 Poison Magic
 - Level 3.0 Evocations


You had 11 spell levels left.
You knew the following spells:

 Your Spells              Type           Power      Damage    Failure   Level
a - Sting                 Tmut/Pois      28%        1d4       10%         1

Your spell library contained the following spells:

 Spells                   Type           Power      Damage    Failure   Level
 Poisonous Vapours        Pois/Air       12%        N/A       17%         2
 Mephitic Cloud           Conj/Pois/Air  4%         N/A       38%         3
 Olgreb's Toxic Radiance  Pois           11%        N/A       52%         4


Dungeon Overview and Level Annotations

Branches:
Dungeon (7/15)             Temple (0/1) D:6

Altars:
Elyvilon
Gozag
Sif Muna
Trog


Innate Abilities, Weirdness & Mutations

You can breathe blasts of fire.
Your fiery red scales are hard. (AC +7)
You cannot fit into any form of body armour.
Your flesh is heat resistant. (rF+)
You are cold-blooded and may be slowed by cold attacks.


Message History

The five-headed hydra completely misses you.
The five-headed hydra barely misses you.
The five-headed hydra bites you but does no damage.
Okay, then.
You completely miss the five-headed hydra.
You tail-slap the five-headed hydra!
The five-headed hydra is lightly wounded.
The five-headed hydra misses you. x2
The five-headed hydra bites you but does no damage.
The five-headed hydra bites you!
* * * LOW HITPOINT WARNING * * *
The five-headed hydra bites you but does no damage.
You barely miss the five-headed hydra.
The five-headed hydra is lightly wounded.
Unknown command.
You hit the five-headed hydra. You tail-slap the five-headed hydra.
The five-headed hydra is lightly wounded.
The five-headed hydra completely misses you.
The five-headed hydra closely misses you.
The five-headed hydra misses you.
The five-headed hydra barely misses you.
The five-headed hydra misses you.
You puncture the five-headed hydra!
The five-headed hydra is moderately wounded.
Unknown command.
You puncture the five-headed hydra!
The five-headed hydra is heavily wounded.
The five-headed hydra bites you!
* * * LOW HITPOINT WARNING * * *
The five-headed hydra barely misses you.
The five-headed hydra bites you but does no damage. x3
Unknown command.
You puncture the five-headed hydra!
The five-headed hydra is severely wounded.
The five-headed hydra barely misses you.
The five-headed hydra bites you.
* * * LOW HITPOINT WARNING * * *
The five-headed hydra bites you but does no damage.
The five-headed hydra bites you!
You die...

#..# #...# #...#.#
#..# ##.####...#.#
#..# #.#......<#..
#..# ##.##.....###
#..###..........#
#...†..###.####'##
#.###..# #.###P.P#
#.# #..# #.##P...P
#@# #..# #.##P.>.P
#D# #..# #..#P...P
#h# #..# #####PPP#
#.# #..###########
#.# #.............
#.###.############
#.................
####h..#########..
##.>h....##.......


You could see a five-headed hydra and a howler monkey.

Vanquished Creatures
  A water moccasin (D:6)
  An acid dragon (D:6)
  Duvessa (D:6)
  An ice beast (D:5)
  A sky beast (D:6)
  3 ogres
  A black bear (D:4)
  3 centaurs
  A kobold brigand (D:6)
  A water moccasin zombie (D:5)
  3 scorpions
  Dowan (D:6)
  4 wights (D:6)
  6 electric eels (D:5)
  2 jellies (D:5)
  A bullfrog zombie (D:5)
  A centaur skeleton (D:6)
  2 orc priests
  2 hounds
  A bullfrog skeleton (D:6)
  A scorpion zombie (D:4)
  A hound skeleton (D:5)
  A howler monkey skeleton (D:7)
  3 gnolls (D:5)
  7 adders
  4 white imps
  3 worms
  3 dart slugs
  11 orcs
  5 ball pythons
  5 endoplasms
  2 giant cockroaches
  7 goblins
  9 hobgoblins
  13 kobolds
  4 quokkas
  8 bats
  5 frilled lizards
  4 rats
133 creatures vanquished.

Vanquished Creatures (others)
  2 phantoms (D:6)
  A bullfrog zombie (D:6)
  6 plants (D:5)
9 creatures vanquished.

Grand Total: 142 creatures vanquished

Notes
Turn   | Place    | Note
-------+----------+-------------------------------------------
     0 | D:1      | oldmanjim the Draconian Venom Mage began the quest for the
                  | Orb.
     0 | D:1      | Reached XP level 1. HP: 14/14 MP: 3/3
   504 | D:1      | Found a faded altar of an unknown god.
   505 | D:1      | Identified a scroll of acquirement
   505 | D:1      | Acquired 812 gold pieces
   513 | D:1      | Became a worshipper of Trog the Wrathful
   513 | D:1      | Reached * piety under Trog
   541 | D:1      | Acquired a manual of Fighting
   586 | D:1      | Reached XP level 2. HP: 22/22 MP: 5/5
   607 | D:1      | Reached skill level 1 in Fighting
  1009 | D:1      | Reached skill level 2 in Fighting
  1509 | D:2      | Reached skill level 3 in Fighting
  1608 | D:2      | Reached XP level 3. HP: 31/31 MP: 6/6
  1957 | D:2      | Found an opulent altar of Gozag.
  2057 | D:3      | Reached skill level 4 in Fighting
  2057 | D:3      | Reached skill level 1 in Evocations
  2152 | D:3      | Reached ** piety under Trog
  2268 | D:3      | Found a shimmering blue altar of Sif Muna.
  2487 | D:3      | Reached XP level 4. HP: 31/41 MP: 7/7
  2965 | D:4      | Found a white marble altar of Elyvilon.
  3051 | D:4      | Noticed a black bear
  3058 | D:4      | Killed a black bear
  3059 | D:4      | Reached skill level 5 in Fighting
  3059 | D:4      | Reached XP level 5. HP: 50/50 MP: 8/8
  3367 | D:4      | Reached skill level 6 in Fighting
  3474 | D:4      | Found an opulent altar of Gozag.
  3475 | D:4      | Noticed an ogre
  3490 | D:4      | Killed an ogre
  3491 | D:4      | Reached skill level 7 in Fighting
  3491 | D:4      | Reached XP level 6. HP: 39/61 MP: 9/9
  3659 | D:4      | Reached skill level 8 in Fighting
  3836 | D:5      | Entered Level 5 of the Dungeon
  4045 | D:5      | Reached skill level 9 in Fighting
  4116 | D:5      | Your scales start taking on a fiery red colour.
  4116 | D:5      | Reached XP level 7. HP: 67/71 MP: 10/10
  4116 | D:5      | Gained mutation: Your flesh is heat resistant. (rF+) [Red
                  | Draconian growth]
  4361 | D:5      | Reached skill level 10 in Fighting
  4483 | D:5      | Reached skill level 11 in Fighting
  4984 | D:5      | Reached *** piety under Trog
  5125 | D:5      | Reached skill level 12 in Fighting
  5272 | D:5      | Reached XP level 8. HP: 85/85 MP: 11/11
  5535 | D:5      | Reached skill level 13 in Fighting
  5646 | D:6      | Noticed Dowan
  6387 | D:6      | Reached skill level 1 in Axes
  7744 | D:6      | Noticed Duvessa
  7762 | D:6      | Killed Dowan
  7764 | D:6      | Killed Duvessa
  7765 | D:6      | Reached XP level 9. HP: 93/93 MP: 12/12
  7854 | D:6      | Reached skill level 5 in Dodging
  7883 | D:6      | Found a staircase to the Ecumenical Temple.
  8297 | D:7      | Identified the ring "Gozy" {Fly rPois rF+ rC- Str+6}
  8357 | D:7      | Noticed an eight-headed hydra
  8360 | D:7      | Noticed a five-headed hydra
  8393 | D:6      | HP: 6/139 [five-headed hydra (4)]
  8393 | D:6      | Mangled by a five-headed hydra

Illustrated notes

Levels and vault maps discovered:
D:1:      dpeg_arrival_boxorama, layout_rooms, ebering_ecumenical_altar_box,
          minmay_quantized
D:2:      layout_rooms, basic_altar, nrook_mini_vaults
D:3:      layout_loops_ring, nicolae_overflow_crystal_walls
D:4:      layout_gridville, nicolae_gozag_cash_rules_everything_around_me,
          lemuel_coloured_pillars_altar, minmay_misc_feat_rugged
D:5:      cheibrodos_two_vegetables, layout_loops_ring,
          hangedman_abyss_or_decor_lesser_grid, item_on_display_a
D:6:      layout_loops_ring, minmay_temple_entry_enclosed_plants,
          lemuel_flamethrower_2, uniq_duvessa
D:7:      minmay_the_grid_square_5x5_3x3 [minmay_the_grid_square_5x5_longway,
          minmay_the_grid_square_5x5_corner, minmay_the_grid_square_5x5_two,
          minmay_the_grid_square_5x5_checkered_sparse,
          minmay_the_grid_square_5x5_megaprize_open,
          minmay_the_grid_square_5x5_half_checkered,
          minmay_the_grid_square_5x5_n, minmay_the_grid_square_5x5_shrine1,
          minmay_the_grid_square_5x5_inner_i], layout_basic,
          hangedman_decor_points, serial_park_tiny_2, chequers_mini_garden,
          hangedman_decor_growths

Skill      XL: |  1  2  3  4  5  6  7  8  9 |
---------------+----------------------------+-----
Dodging        | 2 4 5 |  5.0
Stealth        | 2 4 |  4.0
Fighting       | 3 4 5 7 9 12 13 | 13.0
Evocations     | 1 2 3 |  3.0
Axes           | 2 4 |  4.6
Spellcasting   | |  2.0
Transmutations | |  1.0
Poison Magic   | |  3.2

Action                   |  1- 3 |  4- 6 |  7- 9 || total
-------------------------+-------+-------+-------++-------
Melee: Dagger            |    97 |   121 |   179 ||   397
       Tailslap          |     7 |    10 |    30 ||    47
Throw: Dart              |       |     8 |     9 ||    17
       Javelin           |       |     3 |     5 ||     8
 Cast: Sting             |     7 |       |       ||     7
Invok: Berserk           |       |     1 |     4 ||     5
       Trog's Hand       |       |       |     1 ||     1
 Abil: Breathe Fire      |       |       |    20 ||    20
  Use: Scroll            |     4 |     1 |     8 ||    13
 Stab: Sleeping          |     7 |     5 |     3 ||    15
Armor: Skin              |    30 |    28 |    80 ||   138
Dodge: Dodged            |    56 |    61 |   133 ||   250
